 Dungeon Crawl Stone Soup version 0.21.0 (webtiles) character file.

4640 Leibowitz the Slicer (level 10, 0/63 HPs)
             Began as a Kobold Gladiator on Jan 6, 2018.
             Was a Believer of Wu Jian.
             Slain by Psyche
             ... wielding a +2 dagger of chaos
              (3 damage)
             ... while paralysed by Maurice
             ... on level 8 of the Dungeon.
             The game lasted 00:23:30 (7350 turns).

Leibowitz the Slicer (Kobold Gladiator)             Turns: 7350, Time: 00:23:30

Health: 0/63       AC:  8    Str: 16    XL:     10   Next: 70%
Magic:  0/10       EV:  3    Int:  9    God:    Wu Jian [**....]
Gold:   322        SH:  0    Dex: 22    Spells: 9/9 levels left

rFire    . . .     SeeInvis .   a - +2 short sword (freeze)
rCold    . . .     Gourm    .   (shield restricted)
rNeg     . . .     Faith    .   s - +0 leather armour (curse)
rPois    .         Spirit   +   c - +1 helmet
rElec    .         Reflect  .   m - +2 cloak
rCorr    +         Harm     .   (no gloves)
MR       .....     Rnd*Rage +   (no boots)
Stlth    +++++.....             l - amulet of guardian spirit
HPRegen  0.20/turn              r - +1 ring of slaying
MPRegen  0.12/turn              n - ring "Dyphoynuu" {rCorr Str+4}

@: paralysed, lethally poisoned (0 -> -7), slowed
A: small, thin skeletal structure 1, berserk 1, carnivore
a: Wall Jump, Renounce Religion


You were on level 8 of the Dungeon.
You worshipped Wu Jian.
Wu Jian was pleased with you.
You were not hungry.

You visited 2 branches of the dungeon, and saw 9 of its levels.

You collected 322 gold pieces.

Inventory:

Hand Weapons
 a - a +2 short sword of freezing (weapon)
 b - a +0 blowgun
Missiles
 d - 2 throwing nets (quivered)
 h - 14 poisoned needles
Armour
 c - a +1 helmet (worn)
 m - a +2 cloak (worn)
 s - a cursed +0 leather armour (worn)
 x - a cursed -2 ring mail
 C - a +0 chain mail of fire resistance
Jewellery
 l - an amulet of guardian spirit (around neck)
 n - the ring "Dyphoynuu" (right hand) {rCorr Str+4}
   (You found it on level 5 of the Dungeon)

   [ring of resist corrosion]

   It affects your strength (+4).
 p - an uncursed amulet of regeneration
 r - a +1 ring of slaying (left hand)
 t - an uncursed ring of ice
Wands
 q - a wand of digging (10)
 v - a wand of iceblast (7)
 y - a wand of acid (7)
Scrolls
 g - 2 scrolls of enchant armour
 i - 7 scrolls of enchant weapon
 j - 8 scrolls of identify
 k - 2 scrolls of remove curse
 B - a scroll of fog
Potions
 e - a potion of brilliance
 w - a potion of lignification
Comestibles
 f - 14 rations


   Skills:
 * Level 7.1 Fighting
 * Level 12.6 Short Blades
 - Level 2.1 Throwing
 * Level 4.1 Armour
 * Level 7.6 Dodging
 * Level 8.7 Stealth


You had 9 spell levels left.
You didn't know any spells.

Dungeon Overview and Level Annotations

Branches:
Dungeon (8/15)             Temple (1/1) D:4
   Lair: D:8-11

Altars:
Ashenzari
Cheibriados
Dithmenos
Elyvilon
Fedhas
Gozag
Hepliaklqana
Kikubaaqudgha
Makhleb
Nemelex Xobeh
Okawaru
Qazlal
Ru
Sif Muna
Trog
Uskayaw
Vehumet
Wu Jian
Xom
Yredelemnul
Zin
The Shining One

Shops:
D:5 %

Annotations:
D:5 NihilVerum's ghost, amateur OgNe
D:7 Menkaure
D:8 Maurice; Psyche


Innate Abilities, Weirdness & Mutations

You are small and have problems with some larger weapons.
You are carnivorous and can eat meat at any time.
You have a somewhat thin skeletal structure. (Dex +2, Stealth)
You tend to lose your temper in combat.


Message History

The puff of flame hits you!
* * * LOW HITPOINT WARNING * * *
You feel sick. Psyche hits you but does no damage.
You feel strangely stable. Something hits you.
* * * LOW HITPOINT WARNING * * *
Something steals your potion of cancellation!
Psyche hits you with a dagger of chaos.
* * * LOW HITPOINT WARNING * * *
You are lethally poisoned!
* * * LOW HITPOINT WARNING * * *
You feel sick.
Psyche points at you and mumbles some strange words.
The magic dart hits you!
* * * LOW HITPOINT WARNING * * *
You hear some strange, mumbled words.
Psyche hits you with a dagger of chaos.
* * * LOW HITPOINT WARNING * * *
* * * LOW HITPOINT WARNING * * *
You feel sick. Psyche hits you but does no damage. Space bends around you.
You die...

#.# #.# #.#
#{### #... #..#
#@ยง# #@)# ##.#
#)#####.#
#(.)o...# .Z.#
##.###### #..#
#)# #..# ##
########?# #..#
.
..(......###.##
#..# .###
######..|......


You could see Psyche.

Vanquished Creatures
  Erica (D:8)
  Pikel (D:7)
  Prince Ribbit (D:7)
  A hungry ghost (D:7)
  A water moccasin (D:6)
  Duvessa (D:7)
  3 orc warriors (D:7)
  5 sky beasts
  2 ice beasts (D:7)
  A phantom (D:3)
  A centaur (D:8)
  3 bullfrogs
  Dowan (D:7)
  3 scorpions
  6 killer bees (D:8)
  3 wights (D:7)
  2 howler monkeys
  3 crimson imps
  A bullfrog zombie (D:7)
  2 hounds
  3 orc wizards
  4 centaur skeletons
  2 jellies
  6 orc priests
  3 bullfrog skeletons
  An iguana (D:7)
  7 worker ants
  A worker ant zombie (D:6)
  13 adders
  A shadow imp (D:7)
  A white imp (D:6)
  2 adder skeletons (D:4)
  4 dart slugs
  3 worms
  7 leopard geckos
  16 orcs
  4 giant cockroaches
  4 goblins
  9 hobgoblins
  6 jackals
  10 kobolds
  A quokka (D:6)
  A ball python (D:4)
  7 bats
  5 frilled lizards
  4 quokka skeletons
  4 rats
171 creatures vanquished.

Vanquished Creatures (others)
  4 slaves (D:7)
  An ogre (D:7)
  9 fungi (D:8)
14 creatures vanquished.

Grand Total: 185 creatures vanquished

Notes
Turn   | Place    | Note
-------+----------+-------------------------------------------
     0 | D:1      | Leibowitz the Kobold Gladiator began the quest for the Orb.
     0 | D:1      | Reached XP level 1. HP: 12/12 MP: 1/1
    32 | D:1      | Reached XP level 2. HP: 13/17 MP: 2/2
   345 | D:1      | Reached skill level 1 in Stealth
   371 | D:1      | Reached XP level 3. HP: 6/21 MP: 3/3
  1053 | D:2      | Reached skill level 5 in Short Blades
  1053 | D:2      | Reached XP level 4. HP: 26/27 MP: 4/4
  2039 | D:3      | Reached XP level 5. HP: 21/31 MP: 5/5
  2426 | D:3      | Reached skill level 1 in Armour
  2851 | D:3      | Noticed a phantom
  2902 | D:3      | Killed a phantom
  2902 | D:3      | Reached skill level 6 in Short Blades
  2902 | D:3      | Reached XP level 6. HP: 20/37 MP: 6/6
  3494 | D:4      | Found a staircase to the Ecumenical Temple.
  3513 | Temple   | Entered the Ecumenical Temple
  3625 | Temple   | Became a worshipper of the Wu Jian Council
  3729 | D:4      | Reached skill level 5 in Dodging
  3752 | D:4      | Reached XP level 7. HP: 37/41 MP: 5/7
  3795 | D:4      | Reached skill level 7 in Short Blades
  3981 | D:4      | Gained mutation: You tend to lose your temper in combat. [potion of mutation]
  3981 | D:4      | Gained mutation: You have a somewhat thin skeletal structure. (Dex +2, Stealth) [potion of mutation]
  4021 | D:5      | Entered Level 5 of the Dungeon
  4059 | D:5      | Noticed NihilVerum's ghost (amateur OgNe)
  4338 | D:5      | Found Jeomuota's Food Shoppe.
  4559 | D:5      | Reached skill level 8 in Short Blades
  4559 | D:5      | Reached XP level 8. HP: 48/48 MP: 8/8
  4565 | D:5      | Found an iron altar of Okawaru.
  4571 | D:5      | Got a heavily runed lead ring
  4573 | D:5      | Identified the ring "Dyphoynuu" {rCorr Str+4} (You found it on level 5 of the Dungeon)
  4636 | D:5      | Reached skill level 5 in Stealth
  4813 | D:6      | Reached skill level 9 in Short Blades
  4818 | D:6      | Reached * piety under Wu Jian
  5382 | D:6      | Reached XP level 9. HP: 47/52 MP: 9/9
  5723 | D:7      | Reached skill level 10 in Short Blades
  5804 | D:7      | Reached skill level 5 in Fighting
  6146 | D:7      | Noticed Duvessa
  6146 | D:7      | Noticed Pikel
  6150 | D:7      | Noticed Dowan
  6167 | D:7      | Killed Pikel
  6167 | D:7      | Reached skill level 11 in Short Blades
  6515 | D:7      | Killed Duvessa
  6515 | D:7      | Reached ** piety under Wu Jian
  6529 | D:7      | Killed Dowan
  6529 | D:7      | Reached XP level 10. HP: 59/60 MP: 10/10
  6613 | D:7      | Noticed Menkaure
  6708 | D:7      | Noticed Prince Ribbit
  6734 | D:7      | Killed Prince Ribbit
  6910 | D:7      | Reached skill level 12 in Short Blades
  6979 | D:7      | Found a sparkling altar of Nemelex Xobeh.
  7280 | D:8      | Noticed Erica
  7307 | D:8      | Killed Erica
  7331 | D:8      | Noticed Psyche
  7334 | D:8      | Noticed Maurice
  7338 | D:8      | Paralysed by Maurice for 2 turns
  7347 | D:8      | Paralysed by something for 4 turns
  7349 | D:8      | HP: 3/63 [Psyche/dagger of chaos (1)]
  7350 | D:8      | Slain by Psyche

Skill      XL: |  1  2  3  4  5  6  7  8  9 10 |
---------------+-------------------------------+-----
Dodging        | 4 5 6 7 |  7.6
Stealth        | 1 2 3 4 6 7 8 |  8.7
Short Blades   | 5 6 8 9 11 12 | 12.6
Armour         | 1 2 3 4 |  4.1
Fighting       | 3 4 5 7 |  7.1
Throwing       | |  2.1

Action                   |  1- 3 |  4- 6 |  7- 9 | 10-12 || total
-------------------------+-------+-------+-------+-------++-------
Melee: Rapier            |    88 |   204 |   318 |       ||   610
       Short sword       |       |       |    11 |   163 ||   174
 Fire: Blowgun           |       |       |    13 |    10 ||    23
Throw: Throwing net      |     2 |       |     1 |     3 ||     6
Invok: Lunge             |       |     1 |    24 |    12 ||    37
       Whirlwind         |       |       |     4 |     8 ||    12
       Wall Jump         |       |       |       |     1 ||     1
  Use: Potion            |       |     7 |     2 |     2 ||    11
       Scroll            |       |     6 |       |     1 ||     7
 Stab: Sleeping          |     1 |     6 |    12 |     6 ||    25
       Distracted        |       |       |     3 |     3 ||     6
       Held in net/web   |       |       |     1 |     1 ||     2
  Eat: Chunk             |     5 |    11 |     9 |     3 ||    28
Armor: Leather armour    |     8 |    31 |    31 |    13 ||    83
       Skin              |       |       |       |    21 ||    21
Dodge: Dodged            |    77 |   128 |   166 |    84 ||   455
